 Dungeon Crawl Stone Soup version 0.29.0-7-g18a832c13a (webtiles) character file.

Game seed: 15724275228153859478

3124 SensoryNuts the Cleaver (level 9, -3/55 HPs)
             Began as a Gargoyle Fighter on Aug 30, 2022.
             Slain by a manticore (7 damage)
             ... on level 8 of the Dungeon.
             The game lasted 00:13:13 (9422 turns).

SensoryNuts the Cleaver (Gargoyle Fighter)          Turns: 9422, Time: 00:13:13

Health: -3/55      AC: 19    Str: 24    XL:     9   Next: 91%
Magic:  9/9        EV: 11    Int:  9    God:
Gold:   791        SH:  5    Dex:  9    Spells: 8/8 levels left

rFire   . . .      SeeInvis .   u - +1 war axe (protect)
rCold   + . .      Faith    .   c - +1 buckler
rNeg    + . .      Spirit   .   m - +0 ring mail {rC+}
rPois   ∞          Reflect  .   (no helmet)
rElec   +          Harm     .   (no cloak)
rCorr   .          Rampage  .   (no gloves)
Will    .....                   (no boots)
Stlth   +.........              (no amulet)
HPRegen 0.18/turn               t - +4 ring of slaying
MPRegen 0.11/turn               y - +4 ring of slaying

@: under a protective aura
A: sickness immunity, AC +6, negative energy resistance 1, electricity
resistance, torment resistance 1, petrification resistance, claws 1, screaming 1
a: no special abilities


You were on level 8 of the Dungeon.
You visited 1 branch of the dungeon, and saw 8 of its levels.
You also visited: Ossuary.

You collected 917 gold pieces.
You spent 126 gold pieces at shops.

Inventory:

Hand Weapons
 a - a +0 war axe of freezing
 u - a +1 war axe of protection (weapon)
Armour
 b - a +0 scale mail
 c - a +1 buckler (worn)
 m - a +0 ring mail of cold resistance (worn)
Jewellery
 t - a +4 ring of slaying (left claw)
 v - a +4 ring of evasion
 y - a +4 ring of slaying (right claw)
 z - a ring of protection from fire
 H - a ring of protection from cold
Wands
 j - a wand of flame (10)
 C - a wand of mindburst (6)
 G - a wand of paralysis (3)
Scrolls
 e - 2 scrolls of teleportation
 f - a scroll of amnesia
 g - 4 scrolls of enchant armour
 k - 4 scrolls of immolation
 w - a scroll of silence
 A - a scroll of blinking
 B - a scroll of magic mapping
 F - a scroll of butterflies
Potions
 d - 2 potions of might
 h - 3 potions of flight
 i - 3 potions of haste
 l - 2 potions of curing
 n - a potion of ambrosia
 o - 3 potions of lignification
 p - a potion of mutation
 q - a potion of invisibility
 r - a potion of brilliance
 s - a potion of magic {unknown}
 D - a potion of resistance
 E - a potion of heal wounds
 I - a potion of berserk rage {unknown}


   Skills:
 + Level 6.0 Fighting
 * Level 10.4 Axes
 + Level 5.5 Armour
 + Level 2.2 Dodging
 + Level 1.4 Stealth
 + Level 4.4 Shields


You had 8 spell levels left.
You didn't know any spells.
Your spell library contained the following spells:

 Spells                   Type           Power      Damage    Failure   Level
 Apportation              Tloc           0%         N/A       61%         1
 Conjure Flame            Conj/Fire      0%         6-21      93%         3
 Ignite Poison            Fire/Tmut/Pois 0%         N/A       93%         3
 Sticky Flame             Conj/Fire      0%         2d3       100%        4
 Alistair's Intoxication  Tmut/Pois      0%         N/A       100%        5


Dungeon Overview and Level Annotations

Branches:
Dungeon (8/15)             Temple (0/1) D:7         Ossuary (visited)
   Lair: D:8-11

Altars:
Cheibriados
Dithmenos
Kikubaaqudgha
Okawaru
Sif Muna

Shops:
D:4 !?=?   D:7 [:


Innate Abilities, Weirdness & Mutations

You are immune to sickness and miasma.
Your stone body is resilient. (AC +6)
You are immune to poison.
You resist negative energy. (rN+)
You are resistant to electric shocks. (rElec)
You are resistant to unholy torment.
You are immune to petrification.
You have sharp fingernails.
You occasionally shout uncontrollably at your foes.


Message History

You closely miss the manticore.
The manticore is lightly wounded.
The manticore bites you! The manticore misses you. The manticore claws you!
You slash the manticore!
The manticore is moderately wounded.
The manticore misses you. The manticore closely misses you.
The manticore claws you but does no damage.
You barely miss the manticore.
The manticore is moderately wounded.
The manticore bites you! The manticore misses you.
The manticore closely misses you.
You slash the manticore!
The manticore is heavily wounded.
The manticore bites you. The manticore closely misses you.
The manticore claws you but does no damage.
The manticore bites you but does no damage.
The manticore barely misses you. You block the manticore's attack.
You barely miss the manticore.
The manticore is heavily wounded.
You block the manticore's attack.
The manticore claws you but does no damage. x2
You closely miss the manticore.
The manticore is heavily wounded.
The manticore bites you but does no damage.
The manticore claws you but does no damage. x2
You slash the manticore!
The manticore is severely wounded.
You block the manticore's attack. x2; The manticore barely misses you.
You hit the manticore.
The manticore is severely wounded.
You hit the manticore but do no damage.
The manticore is severely wounded.
The manticore bites you!
* * * LOW HITPOINT WARNING * * *
The manticore closely misses you.
The manticore claws you but does no damage.
The manticore bites you!
* * * LOW HITPOINT WARNING * * *
The manticore claws you!
You die...

....#.#..#....
...#.).......
..#.........
#........... ..
#...........
...##.#.........
......#.........
......#H........
......#.@.......
................
................
......_.........
#.......##......
#.......# ......
......#.. .....#
.....#. .....#


You could see a manticore.

Vanquished Creatures
  A manticore (D:7)
  A hornet (D:7)
  A steam dragon (D:7)
  Menkaure (D:5)
  3 black bears
  2 ice beasts
  A sky beast (D:7)
  3 ogres
  3 kobold brigands (D:7)
  2 necrophages
  A scorpion (D:6)
  3 howler monkeys (D:7)
  5 jellies
  A centaur zombie (Ossuary)
  3 hounds
  3 human zombies (Ossuary)
  3 orc priests
  An iron imp (D:3)
  6 iguanas
  2 orc wizards
  2 mummies (Ossuary)
  12 adders
  3 shadow imps
  6 white imps
  2 ufetubi
  A worm (D:5)
  A dart slug (D:3)
  16 orcs
  9 endoplasms
  7 giant cockroaches
  2 gnoll zombies (Ossuary)
  10 hobgoblins
  9 jackals
  3 quokkas (D:1)
  5 ball pythons
  4 bats
  5 frilled lizards
  5 goblins
  A hobgoblin zombie (Ossuary)
  12 kobolds
  An orc zombie (Ossuary)
  8 rats
170 creatures vanquished.

Vanquished Creatures (others)
  2 demonic plants (D:6)
2 creatures vanquished.

Grand Total: 172 creatures vanquished

Notes
Turn   | Place    | Note
-------+----------+-------------------------------------------
     0 | D:1      | SensoryNuts the Gargoyle Fighter began the quest for the
                  | Orb.
     0 | D:1      | Reached XP level 1. HP: 14/14 MP: 1/1
   203 | D:1      | Reached XP level 2. HP: 19/19 MP: 2/2
   207 | D:1      | Reached skill level 2 in Axes
   470 | D:1      | Reached XP level 3. HP: 19/23 MP: 3/3
  1478 | D:2      | Reached skill level 3 in Axes
  1561 | D:2      | Reached XP level 4. HP: 29/29 MP: 4/4
  1810 | D:2      | Found a faded altar of an unknown god.
  2713 | D:4      | Reached XP level 5. HP: 31/33 MP: 5/5
  2750 | D:4      | Found Lolamp's Jewellery Emporium.
  2789 | D:4      | Found Zepiprauk's Magic Scroll Shop.
  2815 | D:4      | Reached skill level 4 in Axes
  2881 | D:4      | Found a sand-covered staircase.
  2885 | Ossuary  | Entered an ossuary
  3075 | Ossuary  | Reached XP level 6. HP: 21/38 MP: 6/6
  3440 | Ossuary  | Reached skill level 5 in Axes
  3440 | Ossuary  | Reached skill level 1 in Dodging
  3546 | D:4      | Bought a scroll of identify for 22 gold pieces
  3546 | D:4      | Bought a scroll of identify for 22 gold pieces
  3546 | D:4      | Bought a scroll of enchant armour for 82 gold pieces
  4120 | D:4      | Found Inyec's Distillery.
  4123 | D:4      | Found Ipnutel's Magic Scroll Boutique.
  4455 | D:4      | Noticed a black bear
  4462 | D:4      | Killed a black bear
  4463 | D:4      | Reached XP level 7. HP: 26/43 MP: 7/7
  4629 | D:4      | Identified the +3 dagger of the Golden God {vorpal, rPois
                  | SInv}
  4896 | D:4      | Gained mutation: Your mind is acute. (Int +4, Str/Dex -1)
                  | [potion of mutation]
  4896 | D:4      | Gained mutation: You have sharp fingernails. [potion of
                  | mutation]
  4896 | D:4      | Gained mutation: You have sharp toenails. [potion of
                  | mutation]
  4897 | D:4      | Lost mutation: Your mind is acute. (Int +4, Str/Dex -1)
                  | [potion of mutation]
  4897 | D:4      | Lost mutation: You have sharp toenails. [potion of
                  | mutation]
  4897 | D:4      | Gained mutation: You occasionally shout uncontrollably at
                  | your foes. [potion of mutation]
  4963 | D:3      | Found a snail-covered altar of Cheibriados.
  5067 | D:3      | Reached skill level 6 in Axes
  5273 | D:5      | Entered Level 5 of the Dungeon
  5273 | D:5      | Noticed Menkaure
  5278 | D:5      | Killed Menkaure
  5433 | D:5      | Reached XP level 8. HP: 29/48 MP: 8/8
  5490 | D:5      | Reached skill level 7 in Axes
  5650 | D:5      | Reached skill level 1 in Stealth
  6418 | D:6      | Reached skill level 8 in Axes
  7137 | D:6      | Reached skill level 5 in Armour
  7293 | D:6      | Reached skill level 5 in Fighting
  7293 | D:6      | Reached XP level 9. HP: 32/54 MP: 9/9
  7931 | D:7      | Found Elall's Book Boutique.
  7941 | D:7      | Reached skill level 9 in Axes
  8088 | D:7      | Found a staircase to the Ecumenical Temple.
  8144 | D:7      | Noticed a manticore
  8147 | D:7      | Noticed a cyclops
  8269 | D:7      | Killed a manticore
  8534 | D:7      | Found Luda Mat's Armour Shoppe.
  8556 | D:7      | Found an iron altar of Okawaru.
  8606 | D:7      | Reached skill level 10 in Axes
  8865 | D:7      | Found a shadowy altar of Dithmenos.
  8865 | D:7      | Found an ancient bone altar of Kikubaaqudgha.
  9112 | D:7      | Noticed a hornet
  9174 | D:7      | Killed a hornet
  9351 | D:7      | Identified a scroll of acquirement
  9351 | D:7      | Acquired 402 gold pieces
  9406 | D:8      | Noticed a manticore
  9406 | D:8      | Found a shimmering blue altar of Sif Muna.
  9422 | D:8      | Slain by a manticore

Illustrated notes

Levels and vault maps discovered:
D:1:      ebering_hopf_link, layout_basic
D:2:      layout_loops_ring, basic_ecumenical_altar
D:3:      layout_basic, slow_altar_1
D:4:      layout_layer_cave, serial_shops, shop,
          nicolae_shop_temple_entry_statues_fountains, nicolae_shop_statue_plus,
          nicolae_square_shop, enter_ossuary_5, solitary_fountain, wad_orctagon
D:5:      layout_loops_ring, hangedman_minor_gate_pass, uniq_menkaure
D:6:      layout_gridville, serial_demonic, serial_demonic_g, serial_demonic_d,
          serial_demonic_f, serial_demonic_g, minmay_strange_pillars,
          lemuel_flame_loot_1
D:7:      layout_layer_cave, jmf_multi_god_temple, marbit_many_paths,
          minmay_temple_entry_junction_2, serial_shops, nicolae_shop_trees,
          nicolae_shop_temple_entry_statues_fountains, minmay_puff
D:8:      layout_cave_pools, mainiacjoe_overflow_boulevard,
          minmay_increasing_density

Skill      XL: |  1  2  3  4  5  6  7  8  9 |
---------------+----------------------------+-----
Axes           | 2 3 4 5 6 8 10 | 10.4
Armour         | 4 5 |  5.5
Fighting       | 4 5 6 |  6.0
Dodging        | 1 2 |  2.2
Stealth        | 1 |  1.4
Shields        | 4 |  4.4

Action                   |  1- 3 |  4- 6 |  7- 9 || total
-------------------------+-------+-------+-------++-------
Melee: War axe           |   125 |   199 |   182 ||   506
  Use: Scroll            |       |    15 |    10 ||    25
       Potion            |       |     1 |     6 ||     7
Armor: Scale mail        |    97 |    28 |       ||   125
       Ring mail         |       |    78 |    86 ||   164
Dodge: Dodged            |    81 |   109 |    86 ||   276
Block: Buckler           |    26 |    48 |    37 ||   111
